 Dungeon Crawl Stone Soup version 0.30.1-3-gfc49f6343a (webtiles) character file.

Game seed: 8302043122478668449

118 leafyfresh the Sneak (level 5, -1/36 HPs)
             Began as an Octopode Delver on Aug 4, 2023.
             Slain by a black bear (9 damage)
             ... on level 5 of the Dungeon.
             The game lasted 00:00:40 (672 turns).

leafyfresh the Sneak (Octopode Delver)               Turns: 672, Time: 00:00:40

Health: -1/36      AC:  1    Str: 12    XL:     5   Next: 2%
Magic:  5/5        EV: 14    Int: 14    God:
Gold:   16         SH:  0    Dex: 13    Spells: 4/4 levels left

rFire   . . .        a - +0 short sword
rCold   . . .        (no shield)
rNeg    . . .        (helmet restricted)
rPois   .            (no amulet)
rElec   .            (no ring)
rCorr   .            (no ring)
SInv    .            (no ring)
Will    .....        (no ring)
Stlth   +++++        (no ring)
HPRegen 0.26/turn    (no ring)
MPRegen 0.09/turn    (no ring)
                     (no ring)

%: no passive effects
@: no status effects
A: almost no armour, amphibious, 8 rings, camouflage 1, gelatinous body 1,
(nimble swimmer 1), tentacles
a: no special abilities


You were on level 5 of the Dungeon.
You visited 1 branch of the dungeon, and saw 1 of its levels.

You collected 16 gold pieces.

Inventory:

Hand Weapons
 a - a +0 short sword (weapon)
Wands
 f - a wand of digging (3)
 g - a wand of iceblast (11)
Scrolls
 b - a scroll of fog
 c - a scroll of magic mapping
 d - a scroll of fear
Potions
 e - a potion of haste


   Skills:
 - Level 3.6 Fighting
 - Level 2.8 Short Blades
 + Level 3.1 Dodging
 + Level 7.5 Stealth


You had 4 spell levels left.
You didn't know any spells.
Your spell library was empty.

Dungeon Overview and Level Annotations

Branches:
Dungeon (5/15)
 Temple: D:4-7

Altars:


Innate Abilities, Weirdness & Mutations

You cannot wear most types of armour.
You are amphibious.
You can wear up to eight rings at the same time.
Your skin changes colour to match your surroundings (Stealth+).
Your rubbery body absorbs attacks. (AC +1, EV +1)
((You are camouflaged when in or above water. (Stealth+)))
You have tentacles for arms and can constrict up to eight enemies at once.


Message History

The black bear bites you but does no damage.
The black bear closely misses you. The black bear misses you.
You hit the black bear.
The black bear is moderately wounded.
You constrict the black bear. The black bear bites you!
The black bear claws you. The black bear barely misses you.
The iguana barely misses you.
You hit the black bear.
The black bear is heavily wounded.
You constrict the black bear.
The iguana bites you but does no damage.
The black bear bites you. The black bear claws you. The black bear misses you.
You hit the black bear but do no damage.
The black bear is heavily wounded.
You constrict the black bear, but do no damage.
The iguana closely misses you. The black bear barely misses you.
The black bear claws you. x2
You hit the black bear but do no damage.
The black bear is heavily wounded.
You constrict the black bear. The iguana bites you. The black bear misses you.
The black bear claws you.
* * * LOW HITPOINT WARNING * * *
The black bear closely misses you.
You hit the black bear but do no damage.
You squeeze the black bear.
The black bear is severely wounded.
You constrict the black bear.
The black bear goes berserk!
The iguana barely misses you. The adder completely misses you.
You hit the black bear.
The black bear is severely wounded.
You constrict the black bear. The black bear barely misses you.
The black bear closely misses you. The black bear misses you.
The adder barely misses you.
Unknown command.
You hit the black bear but do no damage.
You squeeze the black bear.
The black bear is almost dead.
You constrict the black bear. The iguana barely misses you.
The black bear bites you!
You die...

###################
..>...............#
..................+ +
.....##..##'####..# ..#
##...######...##.[##..#
##...##..#....#..$....#
.....#...#....#.@S....#
.....##..##...##hl....#
#######..#######.....)#
##...##...# .......#
##....'...# .........
#.....#.<## ##..##./..
#<....#..# #.^# ..##
'....##'## (... .#
#....##..#


You could see a black bear (berserk), an iguana and an adder.

Vanquished Creatures
  An ogre (D:5)
  An orc wizard (D:5)
  4 orcs (D:5)
6 creatures vanquished.

Notes
Turn   | Place    | Note
-------+----------+-------------------------------------------
     0 | D:5      | leafyfresh the Octopode Delver began the quest for the Orb.
     0 | D:5      | Reached XP level 1. HP: 16/16 MP: 1/1
    55 | D:5      | Noticed an ogre
    73 | D:5      | Killed an ogre
    74 | D:5      | Reached skill level 7 in Stealth
    74 | D:5      | Reached XP level 2. HP: 13/21 MP: 2/2
    74 | D:5      | Reached XP level 3. HP: 16/26 MP: 3/3
    74 | D:5      | Reached XP level 4. HP: 19/32 MP: 4/4
   167 | D:5      | Reached XP level 5. HP: 3/36 MP: 5/5
   660 | D:5      | Noticed a black bear
   672 | D:5      | Slain by a black bear

Illustrated notes

Levels and vault maps discovered:
D:5:      layout_gridville

Skill      XL: |  1  2  3  4 |
---------------+-------------+-----
Stealth        | 7 |  7.5
Dodging        | 3 |  3.1
Fighting       | |  3.6
Short Blades   | |  2.8

Action                     |  1- 3 |  4- 6 || total
---------------------------+-------+-------++-------
  Melee: Short sword       |    16 |    33 ||    49
         Tentacles         |     2 |    10 ||    12
         Constrict         |       |     6 ||     6
         Punch             |       |     1 ||     1
 Armour: Skin              |       |     2 ||     2
  Dodge: Dodged            |     7 |    40 ||    47
